 Dungeon Crawl Stone Soup version 0.30-a0-860-g512cf1e979 (webtiles) character file.

Game seed: 13350711472859585463

1382 browni3141 the Party-goer (level 8, 0/46 HPs)
             Began as a Kobold Artificer on Mar 7, 2023.
             Was an Initiate of Uskayaw.
             Slain by a sky beast (5 damage)
             ... on level 6 of the Dungeon.
             The game lasted 00:05:55 (5714 turns).

browni3141 the Party-goer (Kobold Artificer)        Turns: 5714, Time: 00:05:56

Health: 0/46       AC:  5    Str: 15    XL:     8   Next: 99%
Magic:  11/14      EV: 17    Int: 13    God:    Uskayaw [......]
Gold:   311        SH:  0    Dex: 17    Spells: 7/7 levels left

rFire   . . .      SeeInvis .    w - +2 dagger (elec)
rCold   + . .      Faith    .    (no shield)
rNeg    . . .      Spirit   .    j - +2 animal skin
rPois   .          Reflect  .    k - +0 helmet
rElec   .          Rampage  .    (no cloak)
rCorr   .                        (no gloves)
Will    .....                    (no boots)
Stlth   ++++                     (no amulet)
HPRegen 0.27/turn                h - +6 ring of strength
MPRegen 0.14/turn                u - ring of protection from cold

@: no status effects
A: small, no large weapons, nightstalker 3
a: Renounce Religion


You were on level 6 of the Dungeon.
You worshipped Uskayaw.
Uskayaw was aware of your devotion.
You visited 2 branches of the dungeon, and saw 7 of its levels.

You collected 311 gold pieces.

Inventory:

Hand Weapons
 a - a +0 club
 g - a +0 dagger
 w - a +2 dagger of electrocution (weapon)
Armour
 b - a +0 leather armour
 j - a +2 animal skin (worn)
 k - a +0 helmet (worn)
Jewellery
 h - a +6 ring of strength (left hand)
 u - a ring of protection from cold (right hand)
Wands
 c - a wand of flame (7) (quivered)
 d - a wand of charming (14)
 e - a wand of iceblast (3)
Scrolls
 f - 3 scrolls of vulnerability
 l - 2 scrolls of blinking
 o - 3 scrolls of teleportation
 q - 2 scrolls of fear
 v - 3 scrolls of enchant armour
 x - a scroll of immolation {unknown}
 y - a scroll of silence {unknown}
Potions
 i - a potion of attraction
 m - a potion of lignification {unknown}
 n - 3 potions of berserk rage {unknown}
 p - 2 potions of cancellation {unknown}
 r - a potion of mutation {unknown}
 s - a potion of might {unknown}
 t - 4 potions of heal wounds {unknown}
 z - a potion of invisibility {unknown}
 A - a potion of curing {unknown}
 B - a potion of flight {unknown}


   Skills:
 - Level 3.0 Fighting
 + Level 4.0 Short Blades
 - Level 1.0 Armour
 - Level 5.0 Dodging
 * Level 6.1 Stealth
 - Level 8.0 Invocations
 - Level 4.0 Evocations


You had 7 spell levels left.
You didn't know any spells.
Your spell library contained the following spells:

 Spells                   Type           Power      Damage    Failure   Level
 Ignite Poison            Fire/Tmut/Pois 0%         N/A       67%         3
 Kindle Blastsparks       Fire/Tloc/Air  0%         2d10      67%         3
 Freezing Cloud           Conj/Ice/Air   0%         6-21      100%        5


Dungeon Overview and Level Annotations

Branches:
Dungeon (6/15)             Temple (1/1) D:4

Altars:
Ashenzari
Cheibriados
Dithmenos
Fedhas
Gozag
Hepliaklqana
Kikubaaqudgha
Makhleb
Nemelex Xobeh
Okawaru
Ru
Sif Muna
Trog
Uskayaw
Vehumet
Wu Jian
Xom
Yredelemnul
Zin
The Shining One

Shops:
D:1 [


Innate Abilities, Weirdness & Mutations

You are small and have problems with some larger weapons.
You are completely attuned to the shadows.


Message History

You closely miss the sky beast. The sky beast misses you.
You hit the sky beast.
The sky beast is lightly wounded.
The sky beast hits you. The sky beast shocks you.
You hit the sky beast.
The sky beast is lightly wounded.
The sky beast misses you.
You closely miss the sky beast.
The sky beast is lightly wounded.
The sky beast flickers out of sight!
Deactivating autopickup; reactivate with Ctrl-A.
Something hits you. Something shocks you.
A sky beast appears from thin air!
Reactivating autopickup.
The sky beast flickers out of sight!
Deactivating autopickup; reactivate with Ctrl-A.
Something hits you. Something shocks you.
* * * LOW HITPOINT WARNING * * *
Something barely misses you. Something closely misses you.
Something hits you but does no damage.
A sky beast appears from thin air!
Reactivating autopickup.
You stomp with the beat, sending a shockwave through the revellers around you!
The sky beast is severely wounded.
You can no longer stomp with the beat.
The sky beast flickers out of sight!
Deactivating autopickup; reactivate with Ctrl-A.
Something closely misses you. Something hits you.
* * * LOW HITPOINT WARNING * * *
Something shocks you.
* * * LOW HITPOINT WARNING * * *
Okay, then.
Aiming: Charm
Press: ? - help, Shift-Dir - straight line Nothing appears to happen.
Something hits you.
* * * LOW HITPOINT WARNING * * *
Something shocks you.
You die...

...### ######..# ..##
#..## ###### ### ##..#
#..†.. # #..## #.####
#..## #..... ##...###
#.#.## ####..#...#
##.#... ##.........#
##..#.._ #...#..@#..#
###...#... #..###.###.#
##.....#.## ##.†.###...#
#..........
#.###.###.###......####
#..#...#...##..........
##....#...#..#........[.
#...).###.###.##.........
...#..).###...####.......
#####.#######.# ###.....


There were no monsters in sight!

Vanquished Creatures
  An ice beast (D:5)
  2 phantoms (D:6)
  Blork the orc (D:6)
  A bullfrog (D:6)
  3 scorpions
  3 orc priests
  3 hounds
  5 jellies
  Jessica (D:2)
  A gnoll bouda (D:5)
  An iguana (D:6)
  3 orc wizards
  2 sleepcaps (D:4)
  Robin (D:2)
  8 gnolls
  8 adders
  2 white imps
  An ufetubus (D:6)
  2 worms
  4 dart slugs
  4 orcs
  12 ball pythons
  5 bats
  12 endoplasms
  3 giant cockroaches
  9 goblins
  8 hobgoblins
  4 jackals (D:2)
  10 kobolds
  6 quokkas
  5 frilled lizards
  3 rats (D:1)
134 creatures vanquished.

Vanquished Creatures (others)
  7 toadstools (D:4)
7 creatures vanquished.

Grand Total: 141 creatures vanquished

Notes
Turn   | Place    | Note
-------+----------+-------------------------------------------
     0 | D:1      | browni3141 the Kobold Artificer began the quest for the
                  | Orb.
     0 | D:1      | Reached XP level 1. HP: 12/12 MP: 1/1
    72 | D:1      | Found a faded altar of an unknown god.
    87 | D:1      | Reached XP level 2. HP: 11/17 MP: 2/2
   657 | D:1      | Reached XP level 3. HP: 13/21 MP: 3/3
   807 | D:1      | Reached skill level 1 in Short Blades
   812 | D:1      | Found Werghegy's Antique Armour Shoppe.
  1237 | D:2      | Noticed Robin
  1506 | D:2      | Killed Robin
  1507 | D:2      | Reached XP level 4. HP: 13/26 MP: 4/4
  1791 | D:2      | Noticed Jessica
  1808 | D:2      | Killed Jessica
  1809 | D:2      | Reached skill level 1 in Armour
  2008 | D:2      | Reached XP level 5. HP: 30/30 MP: 5/5
  2754 | D:3      | Reached skill level 5 in Stealth
  2837 | D:3      | Found a shimmering blue altar of Sif Muna.
  3523 | D:4      | Reached XP level 6. HP: 35/35 MP: 6/6
  3573 | D:4      | Found a staircase to the Ecumenical Temple.
  3580 | Temple   | Entered the Ecumenical Temple
  3583 | Temple   | Found a transporter.
  3583 | Temple   | Found a transporter.
  3585 | Temple   | Found a transporter.
  3585 | Temple   | Found a transporter.
  3658 | Temple   | Became a worshipper of Uskayaw the Reveller
  3767 | D:4      | Reached * piety under Uskayaw
  3782 | D:4      | Reached ** piety under Uskayaw
  3839 | D:4      | Reached skill level 5 in Dodging
  3842 | D:4      | Reached XP level 7. HP: 41/41 MP: 7/7
  3844 | D:4      | Reached *** piety under Uskayaw
  3856 | D:4      | Reached **** piety under Uskayaw
  3966 | D:4      | Found an opulent altar of Gozag.
  4209 | D:4      | Reached skill level 1 in Invocations
  4399 | D:5      | Entered Level 5 of the Dungeon
  4444 | D:5      | Reached skill level 2 in Invocations
  4460 | D:5      | Reached skill level 3 in Invocations
  4562 | D:5      | Reached skill level 4 in Invocations
  4604 | D:5      | Reached XP level 8. HP: 46/46 MP: 11/11
  4653 | D:5      | Reached skill level 5 in Invocations
  5194 | D:6      | Reached skill level 6 in Invocations
  5425 | D:6      | Found a glowing silver altar of Zin.
  5497 | D:6      | Noticed Blork the orc
  5500 | D:6      | Killed Blork the orc
  5501 | D:6      | Reached skill level 7 in Invocations
  5681 | D:6      | Reached skill level 8 in Invocations
  5714 | D:6      | Slain by a sky beast

Illustrated notes

Levels and vault maps discovered:
D:1:      dpeg_arrival_simpleton_a, layout_basic,
          hellmonk_ecumenical_altar_run_dry, serial_shops, shop_statue,
          nicolae_hexahallways
D:2:      layout_loops_corners, uniq_jessica, uniq_robin
D:3:      layout_loops_ring, led_sif_pool, minmay_misc_feat_tower
D:4:      cheibrodos_fertilizer, layout_loops_ring, lemuel_round_altar,
          temple_green, dreamdust_wishing_well, serial_park_tiny_2
D:5:      layout_cave_pools, chequers_arboretum
D:6:      layout_cave_pods, mainiacjoe_overflow_cross_hatched, serial_rivers,
          chequers_serial_rivers_micro_d, chequers_serial_rivers_large_a,
          chequers_serial_rivers_room_a, chequers_serial_rivers_large_b,
          chequers_serial_rivers_small_a, minmay_between, uniq_blork_the_orc
Temple:   hellmonk_temple_divided_pantheon

Skill      XL: |  1  2  3  4  5  6  7  8 |
---------------+-------------------------+-----
Fighting       | 2 3 |  3.0
Stealth        | 3 4 6 |  6.1
Short Blades   | 2 4 |  4.0
Evocations     | 4 |  4.0
Armour         | 1 |  1.0
Dodging        | 3 5 |  5.0
Invocations    | 4 8 |  8.0

Action                     |  1- 3 |  4- 6 |  7- 9 || total
---------------------------+-------+-------+-------++-------
  Melee: Club              |    72 |       |       ||    72
         Dagger            |    76 |   161 |   111 ||   348
         Punch             |     3 |     2 |     1 ||     6
 Invoke: Stomp             |       |       |     4 ||     4
  Evoke: Wand              |     8 |     2 |     1 ||    11
    Use: Scroll            |       |     5 |     1 ||     6
   Stab: Sleeping          |    12 |    26 |    21 ||    59
         Distracted        |       |     1 |     1 ||     2
         Paralysed         |       |       |     4 ||     4
 Armour: Leather armour    |    35 |     1 |       ||    36
         Animal skin       |       |    36 |    16 ||    52
  Dodge: Dodged            |   107 |   123 |    57 ||   287

Table legend: (Time is in decaauts)
 A = Elapsed time spent in this place.
 B = Non-inter-level travel time spent in this place.
 C = Inter-level travel time spent in this place.
 D = Time resting spent in this place.
 E = Time spent auto-exploring this place.
 F = Levels seen in this place.
 G = Mean time per level.
                   A        B        C        D        E       F      G
               +--------+--------+--------+--------+--------+-----+--------+
         Total |   5698 |   5538 |    160 |    189 |   4326 |   7 |  814.0 |
       Dungeon |   5604 |   5459 |    145 |    189 |   4292 |   6 |  934.0 |
        Temple |     94 |     79 |     15 |      0 |     34 |   1 |   94.0 |
               +--------+--------+--------+--------+--------+-----+--------+

Top non-repeatable levels by time:
     D:1: 1498 daAuts
     D:2: 1141 daAuts
     D:4: 918 daAuts
     D:3: 745 daAuts
     D:5: 727 daAuts
     D:6: 572 daAuts
  Temple: 94 daAuts
